 Dungeon Crawl Stone Soup version 0.21-a0-404-g291f19a (webtiles) character file.

340 grizmgrazm2 the Chiller (level 6, -3/51 HPs)
             Began as a Ghoul Ice Elementalist on Oct 28, 2017.
             Was an Initiate of Yredelemnul.
             Slain by darxusza's ghost (9 damage)
             ... on level 4 of the Dungeon.
             The game lasted 00:18:53 (3720 turns).

grizmgrazm2 the Chiller (Ghoul Ice Elementalist)    Turns: 3720, Time: 00:18:54

Health: -3/51      AC:  5    Str: 12    XL:     6   Next: 56%
Magic:  1/9        EV: 10    Int: 12    God:    Yredelemnul [......]
Gold:   186        SH:  0    Dex:  9    Spells: 4/11 levels left

rFire    . . .     SeeInvis .   t - +1 hunting sling
rCold    + . .     Gourm    .   (no shield)
rNeg     + + +     Faith    .   n - +0 ring mail
rPois    ∞         Spirit   .   (no helmet)
rElec    .         Reflect  .   (no cloak)
rCorr    .         Harm     .   (no gloves)
MR       .....                  (no boots)
Stlth    +.........             (no amulet)
HPRegen  0.00/turn              (no ring)
MPRegen  0.11/turn              (no ring)

@: rotting, hasted, drained, very quick
A: rotting body, claws 1, carnivore 3, cold resistance 1, negative energy
resistance 3, inhibited regeneration, torment resistance, unbreathing
a: Renounce Religion


You were on level 4 of the Dungeon.
You worshipped Yredelemnul.
Yredelemnul was noncommittal.
You were not hungry.

You visited 1 branch of the dungeon, and saw 4 of its levels.

You collected 186 gold pieces.

Inventory:

Hand Weapons
 d - a +2 dagger of venom
 t - a +1 hunting sling (weapon)
Missiles
 e - 14 sling bullets (quivered)
 l - 101 stones
Armour
 n - a +0 ring mail (worn)
Scrolls
 h - 2 scrolls of remove curse
Potions
 f - a potion of degeneration {unknown}
 g - 2 potions of curing
 i - a potion of haste
 k - a potion of flight
 m - 2 potions of agility {unknown}
Books
 b - a book of Frost

   Spells                             Type                      Level
   a - Freeze                         Ice                          1
   b - Throw Frost                    Conjuration/Ice              2
   c - Ozocubu's Armour               Charms/Ice                   3
   d - Throw Icicle                   Conjuration/Ice              4
   e - Summon Ice Beast               Ice/Summoning                4
 s - a book of Minor Magic

   Spells                             Type                      Level
   a - Magic Dart                     Conjuration                  1
   b - Blink                          Translocation                2
   c - Call Imp                       Summoning                    2
   d - Slow                           Hexes                        2
   e - Conjure Flame                  Conjuration/Fire             3
   f - Mephitic Cloud                 Conjuration/Poison/Air       3
Comestibles
 c - 3 meat rations
 j - a royal jelly


   Skills:
 + Level 3.1(3.0) Fighting
 - Level 1.7(1.6) Dodging
 - Level 2.1(2.0) Stealth
 + Level 3.1(2.9) Spellcasting
 - Level 0.7(0.5) Conjurations
 * Level 5.9(5.8) Ice Magic
 + Level 1.0(0.8) Invocations


You had 4 spell levels left.
You knew the following spells:

 Your Spells              Type           Power        Failure   Level  Hunger
a - Freeze                Ice            ###.         5%          1    #......
b - Throw Frost           Conj/Ice       #.....       22%         2    ###....
c - Summon Ice Beast      Ice/Summ       #.......     86%         4    #####..


Dungeon Overview and Level Annotations

Branches:
Dungeon (4/15)
 Temple: D:4-7

Altars:
Ashenzari
Hepliaklqana
Nemelex Xobeh
Qazlal
Trog
Vehumet
Xom
Yredelemnul

Annotations:
D:4 Edmund; darxusza's ghost, amateur TrMo


Innate Abilities, Weirdness & Mutations

Your body is rotting away.
You thrive on raw meat.
You are immune to poison.
You have sharp fingernails.
You are carnivorous and can eat meat at any time.
Your flesh is cold resistant. (rC+)
You are immune to negative energy. (rN+++)
You do not regenerate when monsters are visible.
You are immune to unholy pain and torment.
You can survive without breathing.


Message History

* * * LOW HITPOINT WARNING * * *
The giant cockroach misses you.
Okay, then.
You feel better. Darxusza's ghost hits you.
The giant cockroach bites you but does no damage.
You feel yourself speed up. Darxusza's ghost closely misses you.
The giant cockroach barely misses you.
Casting: Freeze
Confirm with . or Enter, or press ? or * to list all spells.
Aiming: Freeze
Press: ? - help, Shift-Dir - straight line, f/p - darxusza's ghost
Aim: darxusza's ghost (severely damaged)
You freeze darxusza's ghost.
Darxusza's ghost is severely damaged.
Darxusza's ghost hits you!
* * * LOW HITPOINT WARNING * * *
The giant cockroach barely misses you.
You feel better. Darxusza's ghost hits you!
You die...
Yredelemnul claims you as an undead slave.

..................
..................
..).........(.....
.................
.................
....#............
.......(.......
.......sW......
#@# #.# .. ##.##
... .#####...#
...# .........###
....#
######.....####.
.....####
#..........
..#.......###
#..######..
..##........###..#


You could see darxusza's ghost and a giant cockroach.

Vanquished Creatures
  A scorpion (D:4)
  A howler monkey (D:4)
  An orc wizard (D:4)
  A centaur skeleton (D:4)
  3 worker ants
  3 adders
  An ooze (D:4)
  An adder skeleton (D:4)
  A worm (D:3)
  4 dart slugs
  4 leopard geckos
  3 orcs (D:4)
  10 bats
  3 giant cockroaches
  8 goblins
  10 hobgoblins
  3 jackals (D:4)
  8 kobolds
  A quokka (D:4)
  7 frilled lizards
  6 rats
80 creatures vanquished.

Vanquished Creatures (others)
  4 toadstools (D:1)
4 creatures vanquished.

Grand Total: 84 creatures vanquished

Notes
Turn   | Place    | Note
-------+----------+-------------------------------------------
     0 | D:1      | grizmgrazm2 the Ghoul Ice Elementalist began the quest for the Orb.
     0 | D:1      | Reached XP level 1. HP: 14/14 MP: 2/2
   171 | D:1      | Reached XP level 2. HP: 21/22 MP: 1/3
   431 | D:1      | Reached skill level 1 in Fighting
  1014 | D:2      | Reached skill level 4 in Ice Magic
  1014 | D:2      | Reached XP level 3. HP: 27/28 MP: 1/5
  1018 | D:2      | Learned a level 2 spell: Throw Frost
  1207 | D:2      | Found a shattered altar of Ashenzari.
  1498 | D:2      | Found a faded altar of an unknown god.
  1938 | D:3      | Reached XP level 4. HP: 35/35 MP: 6/6
  2157 | D:3      | Found a stormy altar of Qazlal.
  2167 | D:3      | Found a sparkling altar of Nemelex Xobeh.
  2167 | D:3      | Found a sparkling altar of Nemelex Xobeh.
  2169 | D:3      | Found a radiant altar of Vehumet.
  2169 | D:3      | Found a shimmering altar of Xom.
  2169 | D:3      | Found a hazy altar of Hepliaklqana.
  2305 | D:3      | Found a basalt altar of Yredelemnul.
  2372 | D:3      | Became a worshipper of Yredelemnul the Dark
  2378 | D:3      | Learned a level 4 spell: Summon Ice Beast
  2458 | D:3      | Found a bloodstained altar of Trog.
  3043 | D:4      | Reached skill level 5 in Ice Magic
  3043 | D:4      | Reached XP level 5. HP: 39/40 MP: 2/7
  3051 | D:4      | Noticed Edmund
  3447 | D:4      | Reached XP level 6. HP: 50/50 MP: 3/9
  3695 | D:4      | Reached skill level 1 in Invocations
  3700 | D:4      | Noticed darxusza's ghost (amateur TrMo)
  3719 | D:4      | HP: 1/51 [darxusza's ghost (16)]
  3720 | D:4      | Slain by darxusza's ghost

Vault maps used:
D:1:      ldierk_walled_garden_2
D:2:      kennysheep_big_flooded_room, overflow_temple_1_default,
          chequers_ecumenical_altar_lobes, serial_forest,
          infiniplex_forest_clump_medium, infiniplex_forest_lined_1,
          infiniplex_forest_clump_medium, infiniplex_forest_clump_curved,
          infiniplex_forest_clump_large
D:3:      marbit_many_paths, bloody_trog, first_bread, doesnt_xom_only_xom
D:4:      black_bear_nest_2, uniq_edmund

Skill      XL: |  1  2  3  4  5  6 |
---------------+-------------------+-----
Spellcasting   | 2 3 |  3.1
Fighting       | 1 2 3 |  3.1
Ice Magic      | 4 5 |  5.9
Invocations    | 1 |  1.0
Dodging        | |  1.7
Stealth        | |  2.1
Conjurations   | |  0.7

Action                   |  1- 3 |  4- 6 || total
-------------------------+-------+-------++-------
Melee: Dagger            |    28 |     4 ||    32
       Unarmed           |     2 |       ||     2
 Fire: Hunting sling     |       |    65 ||    65
Throw: Stone             |     9 |       ||     9
 Cast: Freeze            |    50 |    57 ||   107
  Use: Scroll            |       |     9 ||     9
       Potion            |       |     3 ||     3
 Stab: Sleeping          |     4 |     1 ||     5
  Eat: Chunk             |    14 |    15 ||    29
Armor: Robe              |     4 |       ||     4
       Leather armour    |    14 |     8 ||    22
       Ring mail         |       |    14 ||    14
Dodge: Dodged            |    37 |    58 ||    95

Table legend:
 A = Spawn XP
 B = Non-spawn XP
 C = Spawn XP percentage of total XP
 D = Spawn monster count
 E = Non-spawn monster count
 F = Spawn count percentage of total count
 G = Total turns spent on level
                    A         B        C        D         E        F      G
               +---------+---------+-------+---------+---------+-------+---------
         Total |       0 |     487 |   0.0 |       0 |      80 |   0.0 |  3720
               +---------+---------+-------+---------+---------+-------+---------
           D:1 |       0 |      30 |   0.0 |       0 |      16 |   0.0 |   883
           D:2 |       0 |      30 |   0.0 |       0 |      15 |   0.0 |   786
           D:3 |       0 |      99 |   0.0 |       0 |      30 |   0.0 |  1094
           D:4 |       0 |     328 |   0.0 |       0 |      19 |   0.0 |   957
               +---------+---------+-------+---------+---------+-------+---------
